 Dungeon Crawl Stone Soup version 0.28-a0-563-gf77a47075d (webtiles) character file.

Game seed: 14847229274780914265

0 spiderkeys the Skirmisher (level 1, -1/18 HPs)
             Began as a Gnoll Abyssal Knight on Sept 30, 2021.
             Was a Follower of Lugonu.
             Killed from afar by a green death (19 damage)
             ... with a blast of poison
             ... on level 1 of the Abyss.
             The game lasted 00:02:27 (218 turns).

spiderkeys the Skirmisher (Gnoll Abyssal Knight)     Turns: 218, Time: 00:02:27

Health: -1/18      AC:  2    Str: 12    XL:     1   Next: 0%
Magic:  2/2        EV: 12    Int:  9    God:    Lugonu [*.....]
Gold:   38         SH:  0    Dex: 12    Spells: 0/0 levels left

rFire   . . .      SeeInvis .   a - +1 spear
rCold   . . .      Faith    .   (no shield)
rNeg    . . .      Spirit   .   b - +0 leather armour
rPois   .          Reflect  .   (no helmet)
rElec   .          Harm     .   (no cloak)
rCorr   .          Rampage  .   (no gloves)
Will    .....      Rage     9%  (no boots)
Stlth   +.........              (no amulet)
HPRegen 0.06/turn               (no ring)
MPRegen 0.08/turn               (no ring)

@: lethally poisoned (-1 -> -11), about to teleport
A: fangs 1, strong nose, distributed training, [berserk 3], [deformed body],
[deterioration 2], [frail 2], [low mp 2], [screaming 2]
a: Renounce Religion, Depart the Abyss


You were on level 1 of the Abyss.
You worshipped Lugonu.
Lugonu was aware of your devotion.
You visited 0 branches of the dungeon, and saw 0 of its levels.
You visited the Abyss 1 time.

You collected 38 gold pieces.


Innate Abilities, Weirdness & Mutations

You have very sharp teeth.
Your uncanny sense of smell can sniff out nearby items.
Your experience applies equally to all skills.
[You have an uncontrollable temper.]
[Armour fits poorly on your strangely shaped body.]
[Your body often deteriorates upon taking damage.]
[You are very frail. (-20% HP)]
[Your magical capacity is very low. (-20% MP)]
[You frequently scream uncontrollably at your foes.]


   Skills:
 + Level 6.4 Fighting
 + Level 0.0 Short Blades
 + Level 0.0 Long Blades
 + Level 0.0 Axes
 + Level 0.0 Maces & Flails
 + Level 4.4 Polearms
 + Level 0.0 Staves
 + Level 0.0 Slings
 + Level 0.0 Bows
 + Level 0.0 Crossbows
 + Level 0.0 Throwing
 + Level 4.4 Armour
 + Level 2.3 Dodging
 + Level 0.0 Stealth
 + Level 0.0 Shields
 + Level 0.0 Unarmed Combat
 + Level 0.0 Spellcasting
 + Level 0.0 Conjurations
 + Level 0.0 Hexes
 + Level 0.0 Summonings
 + Level 0.0 Necromancy
 + Level 0.0 Translocations
 + Level 0.0 Transmutations
 + Level 0.0 Fire Magic
 + Level 0.0 Ice Magic
 + Level 0.0 Air Magic
 + Level 0.0 Earth Magic
 + Level 0.0 Poison Magic
 + Level 4.4 Invocations
 + Level 0.0 Evocations


You couldn't memorise any spells.
You didn't know any spells.
Your spell library was empty.

Inventory:

Hand Weapons
 a - a +1 spear (weapon)
Missiles
 f - 17 sling bullets
Armour
 b - a +0 leather armour (worn)
Potions
 c - a potion of brilliance {unknown}
 d - a potion of berserk rage {unknown}

Dungeon Overview and Level Annotations

Branches:
Dungeon (0/15)

Altars:

#.# # .# .. .##. #..
.. #... #.# .## .§#
§§§##.....# .
#...#.#..# ..
#.#......#...
#.##...@##...#.
#...§##.○§○☼2.... .
.##.#..#....###..... #
..##.....#§..#..... .
## #.......§3...#.. .
##.....#5..##v........
. # .v..#.###.
.§##.#... . #. ..#
#..##v.§.. ..... #.#
## .#...5*v#..........


You could see a green death, a will-o-the-wisp, a neqoxec and a white imp.


Message History

🤖 Initializing magus.rc ...
Options error: Delay interrupt name "hungry" not recognised. (~/.crawlrc:4988) ✅ Successfully initialized magus.rc [v1.9.10] Welcome, spiderkeys the Gnoll Abyssal Knight.
Will you prevail where others failed? Will you find the Orb of Zot?
Lugonu says: Depart the Abyss and spread corruption, my servant! (use the ability menu to exit the Abyss) Press ? for a list of commands and other information.
Found 10 gold pieces.
Found a corrupted altar of Lugonu.
You now have 10 gold pieces.
Found a gateway leading out of the Abyss.
Found a gateway leading out of the Abyss.
Found a corrupted altar of Lugonu.
Found a hide-covered altar of Uskayaw.
Found a gateway leading out of the Abyss.
You are suddenly pulled into a different region of the Abyss!
You now have 23 gold pieces (gained 13).
You now have 38 gold pieces (gained 15).
c - a golden potion
d - a yellow potion
e - a scroll labelled SUATEZEADD A large abomination comes into view.
f - 17 sling bullets A shadow demon comes into view.
The shadow demon gives a loud, deep croak!
The shadow demon gestures.
The shadow demon gestures.
The wretched star glows turbulently.
The lance of force misses you.
A wretched star is nearby!
The wretched star pulses with an eldritch light!
You feel a little pissed off.
You feel angry.
You feel yourself wasting away.
You feel your body start to fall apart.
The wretched star pulses with an eldritch light!
Your body twists and deforms.
A will-o-the-wisp comes into view.
The wretched star pulses with an eldritch light!
You feel the urge to shout.
You feel a strong urge to scream.
A wretched star is nearby!
The wretched star pulses with an eldritch light!
You feel frail. x2 😎 HP[-5]
You now have 18 max hp (-5).
The will-o-the-wisp gives a chilling moan.
You hear a shout!
A white imp comes into view.
The white imp shouts!
A neqoxec comes into view.
As you read the scroll labelled SUATEZEADD, it crumbles to dust.
You feel strangely unstable.
You feel the power of the Abyss delaying your translocation!
It was a scroll of teleportation.
The wretched star pulses with an eldritch light!
You feel less energetic. x2 😎 MP[-1]
The wretched star pulses with an eldritch light!
You feel extremely angry at everything!
The will-o-the-wisp gestures.
The will-o-the-wisp conjures some foxfire!
You screech at the foxfire! x2 2 foxfires come into view.
You hear a roar!
A green death comes into view.
The green death gestures at you. The blast of poison engulfs you!!
You are poisoned.
Ouch! That really hurt!
You die...

Action                   || total
-------------------------++-------
  Use: Scroll            ||     1
Dodge: Dodged            ||     1

Levels and vault maps discovered:
Abyss:1:  base: Temple, base:
Temple

Notes
Turn   | Place    | Note
-------+----------+-------------------------------------------
     0 | Abyss:1  | spiderkeys the Gnoll Abyssal Knight began the quest for the
                  | Orb.
     0 | Abyss:1  | Reached XP level 1. HP: 23/23 MP: 3/3
     0 | Abyss:1  | magus.rc [v1.9.10]
    16 | Abyss:1  | Found a corrupted altar of Lugonu.
    20 | Abyss:1  | Found a hide-covered altar of Uskayaw.
    24 | Abyss:1  | Found a hide-covered altar of Uskayaw.
   141 | Abyss:1  | Noticed a large abomination
   175 | Abyss:1  | Noticed a shadow demon
   185 | Abyss:1  | Noticed a wretched star
   195 | Abyss:1  | Noticed a will-o-the-wisp
   205 | Abyss:1  | Noticed a neqoxec
   216 | Abyss:1  | Noticed a green death
   218 | Abyss:1  | Killed from afar by a green death

Vanquished Creatures (others)
  2 foxfires (Abyss:1)
2 creatures vanquished.

Table legend:
 A = Non-vault XP
 B = Vault XP
 C = Vault XP percentage of total XP
 D = Non-vault monster count
 E = Vault monster count
 F = Vault count percentage of total count
                 A         B        C        D         E       F
            +---------+---------+-------+---------+---------+-------
      Total |       0 |       0 |   N/A |       0 |       0 |  -nan
            +---------+---------+-------+---------+---------+-------
            +---------+---------+-------+---------+---------+-------

Illustrated notes

Table legend: (Time is in decaauts)
 A = Elapsed time spent in this place.
 B = Non-inter-level travel time spent in this place.
 C = Inter-level travel time spent in this place.
 D = Time resting spent in this place.
 E = Time spent auto-exploring this place.
 F = Levels seen in this place.
 G = Mean time per level.
                   A        B        C        D        E       F      G
               +--------+--------+--------+--------+--------+-----+--------+
         Total |    218 |    218 |      0 |      0 |      0 |   1 |  218.0 |
         Abyss |    218 |    218 |      0 |      0 |      0 |   1 |  218.0 |
               +--------+--------+--------+--------+--------+-----+--------+

Top non-repeatable levels by time:
 Abyss:1: 218 daAuts
